 Dungeon Crawl Stone Soup version 0.20.1-1-g8b1a95d (webtiles) character file.

121 Folque the Conjurer (level 5, -2/32 HPs)
             Began as a Tengu Conjurer on Nov 1, 2017.
             Slain by a hound (5 damage)
             ... on level 3 of the Dungeon.
             The game lasted 00:11:25 (2563 turns).

Folque the Conjurer (Tengu Conjurer)                Turns: 2563, Time: 00:11:25

Health: -2/32      AC:  4    Str:  8    XL:     5   Next: 5%
Magic:  1/10       EV: 12    Int: 17    God:
Gold:   201        SH:  0    Dex: 14    Spells: 4/10 levels left

rFire    . . .     SeeInvis .   n - +0 spear
rCold    . . .     Gourm    .   (no shield)
rNeg     . . .     Faith    .   a - +0 robe
rPois    .         Spirit   .   (helmet restricted)
rElec    .         Reflect  .   (no cloak)
rCorr    .         Harm     .   k - +1 pair of gloves
MR       .....                  (boots unavailable)
Stlth    +++.......             (no amulet)
Regen    0.1/turn               l - ring of stealth
MPRegen  0.2/turn               (no ring)

@: no status effects
A: beak, talons 3, able to fly 1
a: Fly


You were on level 3 of the Dungeon.
You were hungry.

You visited 1 branch of the dungeon, and saw 4 of its levels.

You collected 201 gold pieces.

Inventory:

Hand Weapons
 g - a +0 short sword
 h - a +0 club
 j - a +1 short sword of protection
 n - a +0 spear (weapon)
Armour
 a - a +0 robe (worn)
 k - a +1 pair of gloves (worn)
Jewellery
 l - a ring of stealth (left hand)
 u - an uncursed ring of resist corrosion {unknown}
 y - an uncursed ring of ice {unknown}
Scrolls
 e - a scroll of enchant armour
 p - a scroll of amnesia {unknown}
 r - 2 scrolls of identify
 s - a scroll of blinking {unknown}
 w - a scroll of remove curse {unknown}
 x - a scroll of teleportation {unknown}
 A - a scroll of fog {unknown}
Potions
 f - 3 potions of magic {unknown}
 i - a potion of might {unknown}
 t - a potion of flight {unknown}
 v - a potion of heal wounds {unknown}
 z - a potion of ambrosia {unknown}
Books
 b - a book of Conjurations

   Spells                             Type                      Level
   a - Magic Dart                     Conjuration                  1
   b - Searing Ray                    Conjuration                  2
   c - Dazzling Spray                 Conjuration/Hexes            3
   d - Fulminant Prism                Conjuration/Hexes            4
   e - Force Lance                    Conjuration/Translocation    4
   f - Iskenderun's Mystic Blast      Conjuration                  4
 B - a book of Cantrips

   Spells                             Type                      Level
   a - Confusing Touch                Hexes                        1
   b - Animate Skeleton               Necromancy                   1
   c - Summon Small Mammal            Summoning                    1
   d - Apportation                    Translocation                1
Comestibles
 c - 2 bread rations
 d - a chunk of flesh
 m - 3 fruits
 o - 2 royal jellies
 q - 3 meat rations


   Skills:
 - Level 3.0 Fighting
 - Level 2.1 Dodging
 - Level 2.0 Stealth
 + Level 3.1 Spellcasting
 * Level 5.9 Conjurations


You had 4 spell levels left.
You knew the following spells:

 Your Spells              Type           Power        Failure   Level  Hunger
a - Magic Dart            Conj           ###.         1%          1    None
b - Searing Ray           Conj           ###...       2%          2    ##.....
c - Dazzling Spray        Conj/Hex       ##....       16%         3    ###....


Dungeon Overview and Level Annotations

Branches:
Dungeon (4/15)
 Temple: D:4-7

Altars:
Ashenzari
Elyvilon
Vehumet


Innate Abilities, Weirdness & Mutations

You have a beak for a mouth.
You have claws for feet.
You can fly.


Message History

The scorpion appears confused.
The scorpion closely misses something.
An orc comes into view. It is wielding a trident.
The searing ray hits the hound.
The hound is heavily wounded.
The orc wizard is no longer blind.
The orc hits you with a flail. The hound closely misses you.
The scorpion is engulfed in noxious fumes.
The scorpion appears confused.
Without enough magic to sustain it, your searing ray dissipates.
The hound bites you. The orc closely misses you. The hound misses you.
The orc completely misses you. The hound bites you.
You climb upwards.
There is a stone staircase leading down here.
You barely miss the orc. Your kick misses the orc.
The orc is heavily wounded.
The hound bites you. The orc barely misses you. The hound barely misses you.
The hound bites you. The orc hits you with a flail!
* * * LOW HITPOINT WARNING * * *
The hound bites you.
You die...

#...........####.##.##
#.[.........##.......#
#...........##.##.#..#
#...........'..).....[
#..)........##....#..#
###....#######.##.#..#
####.#############.#.##
#......(...........#.##
#.##>h@................
#.##o##########....#.#.
#.##....).....(.##'#'#.
#..'............#......
##'##............#......
#................#......
#................#......
#........(.......#......
#.(............).###....


You could see a hound and an orc.

Vanquished Creatures
  2 adders (D:3)
  3 oozes
  2 worms
  6 dart slugs (D:1)
  A leopard gecko (D:3)
  3 orcs
  2 giant cockroaches
  9 goblins
  7 hobgoblins
  4 jackals
  12 kobolds
  A quokka (D:2)
  4 bats
  5 frilled lizards
  6 rats
67 creatures vanquished.

Vanquished Creatures (others)
  A goblin (D:2)
  A quokka (D:2)
2 creatures vanquished.

Grand Total: 69 creatures vanquished

Notes
Turn   | Place    | Note
-------+----------+-------------------------------------------
     0 | D:1      | Folque the Tengu Conjurer began the quest for the Orb.
     0 | D:1      | Reached XP level 1. HP: 10/10 MP: 4/4
   310 | D:1      | Reached skill level 1 in Fighting
   366 | D:1      | Reached XP level 2. HP: 14/16 MP: 3/6
   585 | D:1      | Learned a level 2 spell: Searing Ray
   657 | D:1      | Reached XP level 3. HP: 20/21 MP: 0/7
   807 | D:1      | Learned a level 3 spell: Dazzling Spray
  1055 | D:1      | Found a shattered altar of Ashenzari.
  1220 | D:2      | Found a white marble altar of Elyvilon.
  1352 | D:2      | Reached XP level 4. HP: 27/27 MP: 7/9
  1380 | D:2      | Found a radiant altar of Vehumet.
  1613 | D:2      | Found a faded altar of an unknown god.
  2470 | D:3      | Gained mutation: You can fly. [Tengu growth]
  2470 | D:3      | Reached XP level 5. HP: 32/32 MP: 5/10
  2563 | D:3      | Slain by a hound

Skill      XL: |  1  2  3  4 |
---------------+-------------+-----
Fighting       | 1 2 3 |  3.0
Spellcasting   | 3 |  3.1
Dodging        | |  2.1
Stealth        | |  2.0
Conjurations   | |  5.9

Action                   |  1- 3 |  4- 6 || total
-------------------------+-------+-------++-------
Melee: Unarmed           |    20 |       ||    20
       Peck              |     4 |     2 ||     6
       Kick              |     6 |     5 ||    11
       Club              |    18 |       ||    18
       Spear             |    10 |    26 ||    36
 Cast: Magic Dart        |    60 |    38 ||    98
       Searing Ray       |     1 |     8 ||     9
       Dazzling Spray    |       |     2 ||     2
  Use: Scroll            |     3 |       ||     3
 Stab: Sleeping          |     2 |     1 ||     3
  Eat: Chunk             |     2 |     4 ||     6
Armor: Robe              |    17 |       ||    17
Dodge: Dodged            |    29 |    18 ||    47
